 Dungeon Crawl Stone Soup version 0.29.0-4-gdea44cf6ec (webtiles) character file.

Game seed: 9358037540070627645

32 qw the Chopper (level 3, 0/21 HPs)
             Began as a Tengu Warper on Aug 28, 2022.
             Succumbed to an adder's poison
             ... on level 2 of the Dungeon.
             The game lasted 00:00:05 (962 turns).

qw the Chopper (Tengu Warper)                        Turns: 962, Time: 00:00:06

Health: 0/21       AC:  5    Str: 15    XL:     3   Next: 25%
Magic:  7/7        EV: 15    Int: 13    God:
Gold:   36         SH:  0    Dex: 13    Spells: 6/6 levels left

rFire   + . .      SeeInvis .   Y - +0 hand axe
rCold   . . .      Faith    .   (no shield)
rNeg    . . .      Spirit   .   i - +0 ring mail
rPois   .          Reflect  .   (helmet restricted)
rElec   +          Harm     .   (no cloak)
rCorr   +          Rampage  .   (no gloves)
Will    .....                   (boots unavailable)
Stlth   +.........              (no amulet)
HPRegen 0.07/turn               b - ring of Ocoecsat {rElec rF+ rCorr EV+4 Str+2}
MPRegen 0.10/turn               (no ring)

@: lethally poisoned (0 -> -2)
A: beak, talons 3
a: no special abilities


You were on level 2 of the Dungeon.
You visited 1 branch of the dungeon, and saw 2 of its levels.

You collected 36 gold pieces.


Innate Abilities, Weirdness & Mutations

You have a beak for a mouth.
You have claws for feet.


   Skills:
 - Level 2.0 Fighting
 + Level 4.0 Axes
 - Level 1.0 Throwing
 - Level 1.1 Armour
 - Level 2.1 Dodging
 - Level 2.0 Spellcasting
 - Level 2.4 Translocations


You had 6 spell levels left.
You didn't know any spells.
Your spell library contained the following spells:

 Spells                   Type           Power      Damage    Failure   Level
 Blink                    Tloc           14%        N/A       28%         2
 Gell's Gravitas          Tloc           7%         N/A       50%         3
 Lesser Beckoning         Tloc           7%         N/A       50%         3
 Teleport Other           Tloc           7%         N/A       50%         3
 Manifold Assault         Tloc           7%         N/A       99%         5

Inventory:

Hand Weapons
 d - a +0 whip
 Y - a +0 hand axe (weapon)
Armour
 i - a +0 ring mail (worn)
Jewellery
 b - the ring of Ocoecsat (left hand) {rElec rF+ rCorr EV+4 Str+2}
   (You acquired it on level 1 of the Dungeon)

   [ring of evasion]

   EV:        It affects your evasion (+4).
   Str:       It affects your strength (+2).
   rF:        It protects you from fire.
   rElec:     It insulates you from electricity.
   rCorr:     It protects you from acid and corrosion.
Scrolls
 a - a scroll of identify
Potions
 j - a potion of lignification {unknown}
 k - a potion of degeneration {unknown}

Dungeon Overview and Level Annotations

Branches:
Dungeon (2/15)

Altars:


Message History

The adder misses you.
You miss the adder. The adder bites you.
You are poisoned.
The adder poisons you! The adder barely misses you.
You closely miss the adder. You claw the adder.
The adder is lightly wounded.
You feel sick. The adder closely misses you.
You slash the adder!
The adder is severely wounded.
You feel sick. The adder completely misses you. The adder misses you.
You hit the adder. Your kick misses the adder.
The adder is almost dead.
You feel sick. The adder completely misses you.
You completely miss the adder. Your kick misses the adder.
The adder is almost dead.
You feel sick. The adder bites you.
You are lethally poisoned!
The adder poisons you! The adder closely misses you.
You barely miss the adder.
The adder is almost dead.
You feel sick. The adder misses you.
You hit the adder.
You kill the adder!
You feel sick.
Your Axes skill increases to level 4!
You have reached level 3!
Your experience leads to an increase in your attributes!
Your base attributes are Str 11, Int 13, Dex 13.
Increase (S)trength, (I)ntelligence, or (D)exterity?
You feel stronger. x2
There is a lethal amount of poison in your body!
You feel sick.
There is a lethal amount of poison in your body!
You feel sick.
There is a lethal amount of poison in your body!
You feel sick.
There is a lethal amount of poison in your body!
You feel sick.
There is a lethal amount of poison in your body!
You die...

#..########.#
#.#.........#
#....<.###.# #
#.#.###.#
#.####.##
#.###.###........
.......%......##
..##.###.#.####
#.# #.#.# ...
#@#.# .#......#
.....##.### ....
..# .## ###


There were no monsters in sight!

Vanquished Creatures
  An adder (D:2)
  3 bats (D:1)
  An endoplasm (D:1)
  A giant cockroach (D:2)
  A goblin (D:1)
  3 hobgoblins (D:1)
  A quokka (D:2)
  2 ball pythons (D:1)
  2 frilled lizards (D:1)
  7 kobolds (D:1)
22 creatures vanquished.

Notes
Turn   | Place    | Note
-------+----------+-------------------------------------------
     0 | D:1      | qw the Tengu Warper began the quest for the Orb.
     0 | D:1      | Reached XP level 1. HP: 12/12 MP: 4/4
     0 | D:1      | 0 ||| qw: Version: 0.1-a-89-g26bdef1
     0 | D:1      | 0 ||| qw: Game counter: 2026
     0 | D:1      | 0 ||| qw: Always use a shield: true
     0 | D:1      | 0 ||| qw: God list: Okawaru
     0 | D:1      | 0 ||| qw: Allow faded altars: false
     0 | D:1      | 0 ||| qw: Do Orc after D:15 true
     0 | D:1      | 0 ||| qw: Do second Lair branch before Depths: true
     0 | D:1      | 0 ||| qw: Lair rune preference: random
     0 | D:1      | 0 ||| qw: Plans: Normal
     0 | D:1      | 0 ||| PLANNING D:1-11
    35 | D:1      | 35 ||| Stepping ~*~*~tactically~*~*~ (stealth).
   252 | D:1      | 252 ||| DROPPING +0 club.
   322 | D:1      | Reached XP level 2. HP: 17/17 MP: 6/6
   345 | D:1      | Reached skill level 3 in Axes
   574 | D:1      | 574 ||| Stepping ~*~*~tactically~*~*~ (stealth).
   579 | D:1      | 579 ||| Stepping ~*~*~tactically~*~*~ (stealth).
   580 | D:1      | 580 ||| Stepping ~*~*~tactically~*~*~ (stealth).
   591 | D:1      | 591 ||| Stepping ~*~*~tactically~*~*~ (stealth).
   592 | D:1      | 592 ||| Stepping ~*~*~tactically~*~*~ (stealth).
   613 | D:1      | 613 ||| Stepping ~*~*~tactically~*~*~ (stealth).
   637 | D:1      | 637 ||| Stepping ~*~*~tactically~*~*~ (stealth).
   880 | D:1      | 880 ||| UPGRADING to +0 ring mail.
   890 | D:1      | 890 ||| DROPPING +0 leather armour.
   891 | D:1      | 891 ||| READING 3 scrolls labelled ZEJUAB GUFUF.
   892 | D:1      | 892 ||| READING scroll labelled WIHEMYENGE.
   893 | D:1      | 893 ||| READING scroll labelled QEDIES VAEMY.
   893 | D:1      | Identified a scroll of acquirement
   893 | D:1      | 893 ||| ACQUIRING ring of Ocoecsat {rElec rF+ rCorr EV+4
                  | Str+2}
   893 | D:1      | Acquired the ring of Ocoecsat {rElec rF+ rCorr EV+4 Str+2}
   895 | D:1      | 895 ||| UPGRADING to ring of Ocoecsat {rElec rF+ rCorr EV+4
                  | Str+2}.
   896 | D:1      | 896 ||| READING 2 scrolls of identify.
   896 | D:1      | 896 ||| IDENTIFYING grey potion
   897 | D:1      | 897 ||| DROPPING scroll of blinking.
   898 | D:1      | 898 ||| DROPPING potion of flight.
   957 | D:2      | HP: 4/17 [poisoned by an adder]
   958 | D:2      | Reached skill level 4 in Axes
   958 | D:2      | Reached XP level 3. HP: 5/21 MP: 7/7
   961 | D:2      | HP: 1/21 [poisoned by an adder]
   962 | D:2      | Succumbed to an adder's poison

Levels and vault maps discovered:
D:1:      ebering_trefoil_3fold, layout_loops_ring, chequers_mini_garden
D:2:      minmay_door_path, layout_loops_ring, serial_shops,
          nicolae_shop_hallway_plus, chequers_serial_rivers_room_b,
          item_on_display_a

Skill      XL: |  1  2 |
---------------+-------+-----
Axes           | 4 |  4.0
Fighting       | |  2.0
Throwing       | |  1.0
Armour         | |  1.1
Dodging        | |  2.1
Spellcasting   | |  2.0
Translocations | |  2.4

Action                   || total
-------------------------++-------
Melee: Hand axe          ||    83
       Peck              ||     7
       Kick              ||    11
Throw: Boomerang         ||     7
  Use: Scroll            ||     4
Armor: Leather armour    ||    23
       Ring mail         ||     7
Dodge: Dodged            ||    57

Table legend:
 A = Non-vault XP
 B = Vault XP
 C = Vault XP percentage of total XP
 D = Non-vault monster count
 E = Vault monster count
 F = Vault count percentage of total count
                 A         B        C        D         E       F
            +---------+---------+-------+---------+---------+-------
      Total |      46 |       0 |   0.0 |      22 |       0 |   0.0
            +---------+---------+-------+---------+---------+-------
        D:1 |      29 |       0 |   0.0 |      19 |       0 |   0.0
        D:2 |      17 |       0 |   0.0 |       3 |       0 |   0.0
            +---------+---------+-------+---------+---------+-------
